 Dungeon Sprint DCSS version 0.28-a0-906-g0406aca7d3 (webtiles) character file.

Game seed: 4940436295188448140

518 tatocazan the Fighter (level 7, 0/71 HPs)
             Began as a Hill Orc Fighter on Nov 23, 2021.
             Was a Follower of Okawaru.
             Slain by a two-headed ogre (15 damage)
             ... in the Dungeon (Sprint IX: "|||||||||||||||||||||||||||||").
             The game lasted 00:02:26 (310 turns).

tatocazan the Fighter (Hill Orc Fighter)             Turns: 310, Time: 00:02:26

Health: 0/71       AC: 12    Str: 21    XL:     7   Next: 21%
Magic:  7/7        EV: 10    Int:  8    God:    Okawaru [*.....]
Gold:   0          SH:  0    Dex: 10    Spells: 6/6 levels left

rFire   . . .      SeeInvis .   a - +0 trident
rCold   . . .      Faith    .   (no shield)
rNeg    . . .      Spirit   .   b - +0 scale mail
rPois   .          Reflect  .   (no helmet)
rElec   .          Harm     .   (no cloak)
rCorr   .          Rampage  .   (no gloves)
Will    .....      NoTele   +   (no boots)
Stlth   ..........              (no amulet)
HPRegen 0.21/turn               q - +2 ring of protection
MPRegen 0.10/turn               r - +2 ring of protection

@: mighty, lethally poisoned (0 -> -4), slowed, very slow
A: no striking features
a: Renounce Religion, Heroism


You were in the Dungeon.
You worshipped Okawaru.
Okawaru was aware of your devotion.
You visited 1 branch

Inventory:

Hand Weapons
 a - a +0 trident (weapon)
 m - a +2 halberd of venom
Armour
 b - a +0 scale mail (worn)
 c - a +0 buckler
 n - a +0 pair of boots
 o - a +0 helmet
 p - a +0 plate armour
Jewellery
 q - a +2 ring of protection (left hand)
 r - a +2 ring of protection (right hand)
Wands
 l - a wand of acid (10)
Scrolls
 j - 2 scrolls of blinking
 k - 2 scrolls of amnesia
Potions
 e - 4 potions of curing
 g - a potion of haste
 h - 4 potions of magic
 i - a potion of invisibility


   Skills:
 + Level 9.7 Fighting
 + Level 8.5 Polearms
 + Level 8.9 Armour
 + Level 8.9 Shields


You had 6 spell levels left.
You didn't know any spells.
Your spell library was empty.

Dungeon Overview and Level Annotations

Branches:
Dungeon (1/1)

Altars:
Cheibriados
Dithmenos
Elyvilon
Fedhas
Gozag
Hepliaklqana
Kikubaaqudgha
Makhleb
Nemelex Xobeh
Okawaru
Qazlal
Ru
Sif Muna
Trog
Uskayaw
Vehumet
Wu Jian
Xom
Yredelemnul
Zin
The Shining One
Beogh
Jiyva
Lugonu


Message History

The hornet closely misses you. The hornet completely misses you.
The hornet stings you!
You are lethally poisoned!
You shrug off the repeated paralysis!
You regained 13 hp, and now have 23/62 hp.
You feel better. The hornet closely misses you. The hornet stings you!
You feel as though you will be slow longer.
You hit the hornet.
The hornet is almost dead.
The hornet stings you!
* * * LOW HITPOINT WARNING * * *
You are lethally poisoned!
You feel as though you will be slow longer.
The hornet barely misses you.
You take 11 damage, and have 13/62 hp.
You puncture the hornet!
You kill the hornet!
Okawaru is honoured by your kill.
You can now gain great but temporary skills.
* * * LOW HITPOINT WARNING * * *
You feel very sick.
Your Fighting skill increases to level 9!
Your Polearms skill increases to level 8!
You have reached level 7!
You take 2 damage, and have 11/71 hp.
MP restored: 7 You feel much better.
You feel very sick. The two-headed ogre closely misses you.
The two-headed ogre hits you with a +0 giant club.
You regained 12 hp, and now have 23/71 hp.
You feel much better.
You feel very sick.
The two-headed ogre hits you with a +0 dire flail.
The two-headed ogre hits you with a +0 giant club!
* * * LOW HITPOINT WARNING * * *
You take 8 damage, and have 15/71 hp.
You barely miss the two-headed ogre.
You feel sick.
The two-headed ogre hits you with a +0 dire flail!
You die... ▓▓▓▓▓▓▓▓▓▓▓▓▓▓▓▓▓▓▓▓▓▓▓▓ +....yO@......)..'______ ▓▓▓▓▓▓▓▓▓▓▓▓▓▓▓▓▓▓▓▓▓▓▓▓

You could see a two-headed ogre and a killer bee.

Vanquished Creatures
  A hornet (D)
  A centaur (D)
  A kobold brigand (D)
  A scorpion (D)
  A gnoll shaman (D)
  A shadow imp (D)
  A dart slug (D)
  An endoplasm (D)
  2 goblins (D)
  A hobgoblin (D)
  A ball python skeleton (D)
  A giant cockroach zombie (D)
13 creatures vanquished.

Vanquished Creatures (others)
  A shadow (D)
1 creature vanquished.

Grand Total: 14 creatures vanquished

Notes
Turn   | Place    | Note
-------+----------+-------------------------------------------
     0 | D        | tatocazan the Hill Orc Fighter began the quest for the Orb.
     0 | D        | Reached XP level 1. HP: 19/19 MP: 1/1
    11 | D        | Reached skill level 4 in Fighting
    14 | D        | Reached XP level 2. HP: 27/27 MP: 2/2
    21 | D        | Noticed a scorpion
    38 | D        | Reached skill level 5 in Fighting
    38 | D        | Reached skill level 5 in Shields
    38 | D        | Reached XP level 3. HP: 11/36 MP: 3/3
    45 | D        | Killed a scorpion
    46 | D        | Reached skill level 6 in Fighting
    46 | D        | Reached skill level 5 in Polearms
    46 | D        | Reached skill level 5 in Armour
    46 | D        | Reached XP level 4. HP: 12/45 MP: 4/4
   234 | D        | Found a roughly hewn altar of Beogh.
   234 | D        | Found a snail-covered altar of Cheibriados.
   234 | D        | Found a shadowy altar of Dithmenos.
   234 | D        | Found a white marble altar of Elyvilon.
   234 | D        | Found a blossoming altar of Fedhas.
   234 | D        | Found an opulent altar of Gozag.
   235 | D        | Found a hazy altar of Hepliaklqana.
   236 | D        | Found a viscous altar of Jiyva.
   237 | D        | Found an ancient bone altar of Kikubaaqudgha.
   238 | D        | Found a corrupted altar of Lugonu.
   239 | D        | Found a burning altar of Makhleb.
   240 | D        | Found a sparkling altar of Nemelex Xobeh.
   241 | D        | Found an iron altar of Okawaru.
   242 | D        | Found a stormy altar of Qazlal.
   243 | D        | Found a sacrificial altar of Ru.
   244 | D        | Found a shimmering blue altar of Sif Muna.
   245 | D        | Found a bloodstained altar of Trog.
   246 | D        | Found a hide-covered altar of Uskayaw.
   247 | D        | Found a radiant altar of Vehumet.
   248 | D        | Found an ornate altar of the Wu Jian Council.
   249 | D        | Became a worshipper of Warmaster Okawaru
   250 | D        | Found a shimmering altar of Xom.
   251 | D        | Found a basalt altar of Yredelemnul.
   252 | D        | Found a glowing silver altar of Zin.
   253 | D        | Found a glowing golden altar of the Shining One.
   288 | D        | Noticed a two-headed ogre
   288 | D        | Noticed a hornet
   288 | D        | Noticed a centaur
   288 | D        | Noticed a shadow
   288 | D        | Noticed a kobold brigand
   291 | D        | Killed a kobold brigand
   292 | D        | Reached skill level 7 in Fighting
   292 | D        | Reached XP level 5. HP: 43/52 MP: 5/5
   292 | D        | Killed a shadow
   293 | D        | Reached skill level 8 in Fighting
   293 | D        | Reached XP level 6. HP: 51/61 MP: 6/6
   301 | D        | Paralysed by a hornet for 3 turns
   307 | D        | Killed a hornet
   307 | D        | Reached * piety under Okawaru
   308 | D        | Reached skill level 9 in Fighting
   308 | D        | Reached XP level 7. HP: 11/71 MP: 7/7
   310 | D        | Slain by a two-headed ogre

Illustrated notes

Levels and vault maps discovered:
D:        linesprint [early_d, line_temple, items_1, d_10, items_2, lair_1,
          lair_end, items_3, orc_1, orc_end, items_4, d_15, swamp_1, shoals_1,
          snake_1, spider_1, d_20, vaults_1, items_5, swamp_end, shoals_end,
          snake_end, spider_end, vaults_end, d_27, items_6, zot_1, zot_end,
          crypt_end, forest_end, elf_end, slime_end, tomb_end, abyss_end,
          pan_hell_end]

Skill      XL: |  1  2  3  4  5  6 |
---------------+-------------------+-----
Fighting       | 4 5 6 7 8 9 |  9.7
Polearms       | 3 4 5 6 8 |  8.5
Shields        | 5 6 7 8 |  8.9
Armour         | 4 5 6 7 8 |  8.9

Action                   |  1- 3 |  4- 6 |  7- 9 || total
-------------------------+-------+-------+-------++-------
Melee: Trident           |    34 |    17 |     1 ||    52
  Use: Potion            |     1 |     3 |     2 ||     6
Armor: Scale mail        |     6 |     9 |       ||    15
Dodge: Dodged            |    10 |    10 |     1 ||    21
Block: Buckler           |     4 |     3 |       ||     7

Table legend: (Time is in decaauts)
 A = Elapsed time spent in this place.
 B = Non-inter-level travel time spent in this place.
 C = Inter-level travel time spent in this place.
 D = Time resting spent in this place.
 E = Time spent auto-exploring this place.
 F = Levels seen in this place.
 G = Mean time per level.
                   A        B        C        D        E       F      G
               +--------+--------+--------+--------+--------+-----+--------+
         Total |    321 |    321 |      0 |    189 |      3 |   1 |  321.0 |
       Dungeon |    321 |    321 |      0 |    189 |      3 |   1 |  321.0 |
               +--------+--------+--------+--------+--------+-----+--------+

Top non-repeatable levels by time:
       D: 321 daAuts
